 Dungeon Crawl Stone Soup version 0.31-a0-361-g0f8bd3a31e (webtiles) character file.

Game seed: 16807704154460537301

1385 BritishOli the Trooper (level 8, -7/64 HPs)
             Began as a Demonspawn Fighter on July 27, 2023.
             Killed from afar by an oklob sapling (18 damage)
             ... with a splash of acid
             ... on level 4 of the Dungeon.
             The game lasted 00:04:26 (5198 turns).

BritishOli the Trooper (Demonspawn Fighter)         Turns: 5198, Time: 00:04:27

Health: -7/64      AC: 14    Str: 18    XL:     8   Next: 40%
Magic:  0/8        EV:  5    Int: 10    God:
Gold:   236        SH:  5    Dex: 16    Spells: 7/7 levels left

rFire   + . .        a - +0 war axe
rCold   x . .        c - +0 buckler
rNeg    . . .        u - +7 plate armour "Golien" {Dex+3}
rPois   .            (no helmet)
rElec   .            b - +0 cloak
rCorr   .            (no gloves)
SInv    .            (no boots)
Will    .....        z - amulet of guardian spirit
Stlth   x              - ring of fire
HPRegen 0.30/turn    (no ring)
MPRegen 0.11/turn

%: guardian spirit
@: corroded
A: slimy green scales 1, demonic guardian 2, weakness stinger 2
a: no special abilities


You were on level 4 of the Dungeon.
You visited 1 branch of the dungeon, and saw 5 of its levels.

You collected 236 gold pieces.

Inventory:

Hand Weapons
 a - a +0 war axe (weapon)
Armour
 b - a +0 cloak (worn)
 c - a +0 buckler (worn)
 o - a +2 chain mail of fire resistance
 u - the +7 plate armour "Golien" (worn) {Dex+3}
   (You found it on level 4 of the Dungeon)

   Dex:       It affects your dexterity (+3).
Jewellery
 x - a ring of fire (left hand)
 z - an amulet of guardian spirit (around neck)
Scrolls
 g - 2 scrolls of teleportation {unknown}
 h - a scroll of poison {unknown}
 i - a scroll of butterflies {unknown}
 j - 4 scrolls of identify {unknown}
 k - 3 scrolls of immolation {unknown}
 m - a scroll of amnesia {unknown}
 n - a scroll of enchant weapon {unknown}
 p - 3 scrolls of torment {unknown}
 q - a scroll of blinking {unknown}
 s - a scroll of enchant armour {unknown}
 v - a scroll of silence {unknown}
 w - a scroll of vulnerability {unknown}
 y - a scroll of brand weapon {unknown}
Potions
 d - 4 potions of might
 e - a potion of degeneration {unknown}
 f - 2 potions of attraction {unknown}
 l - a potion of mutation {unknown}
 r - 2 potions of curing {unknown}
 t - a potion of cancellation {unknown}


   Skills:
 + Level 6.0 Fighting
 + Level 5.0 Axes
 + Level 5.4 Armour
 + Level 5.4 Shields


You had 7 spell levels left.
You didn't know any spells.
Your spell library contained the following spells:

 Spells                   Type           Power      Damage    Failure   Level
 Sting                    Tmut/Pois      0%         1d3       100%        1
 Poisonous Vapours        Pois/Air       0%         N/A       100%        2
 Leda's Liquefaction      Hex/Erth       0%         N/A       100%        4
 Olgreb's Toxic Radiance  Pois           0%         N/A       100%        4
 Lee's Rapid Deconstruct  Erth           0%         3d4*      100%        5
 Leda's Unmaking          Conj/Erth      0%         9d1       100%        6


Dungeon Overview and Level Annotations

Branches:
Dungeon (5/15)             Temple (0/1) D:4

Altars:
Yredelemnul

Annotations:
D:4 exclusion: oklob sapling


Innate Abilities, Weirdness & Mutations

You are partially covered in slimy green scales. (AC +2)
A demonic guardian rushes to your aid.
You have a tail ending in a sharp stinger.


Message History

You hit the plant.
The plant begins to die.
You hit the plant.
The plant begins to die.
You hit the oklob sapling but do no damage.
You slash the plant! You hit the plant but do no damage. You hit the plant. x2
The plant begins to die.
The oklob sapling spits acid at you. The splash of acid hits you!!
You hit the oklob sapling but do no damage.
You hit the plant. x3; You slash the plant!
A nearby plant withers and dies.
You slash the oklob sapling!
The oklob sapling is heavily damaged.
You hit the plant but do no damage. You slash the plant! You hit the plant.
A nearby plant withers and dies. x2
The oklob sapling spits acid at you.
The splash of acid hits you but does no damage.
The acid corrodes you!
You hit the oklob sapling but do no damage.
The oklob sapling is heavily damaged.
You hit the plant.
A nearby plant withers and dies.
You hit the oklob sapling.
The oklob sapling is severely damaged.
You hit the oklob sapling but do no damage.
The oklob sapling is severely damaged.
You hit the oklob sapling.
You tail-slap the oklob sapling, but do no damage.
The oklob sapling is almost destroyed.
You hit the oklob sapling but do no damage.
The oklob sapling is almost destroyed.
You hit the oklob sapling but do no damage.
The oklob sapling is almost destroyed.
The oklob sapling spits acid at you. The splash of acid hits you!
* * * LOW HITPOINT WARNING * * *
A demonic guardian appears!
You hit the oklob sapling.
You tail-slap the oklob sapling, but do no damage.
The oklob sapling is almost destroyed.
The oklob sapling spits acid at you. The splash of acid hits you!!
You die...

)......#....#.# #.....# #...
########....#.###.....#
##... ###.#...........#
##...# #...#.#...#.....#
##...## #...#.#...#.....#
##...## #...#.#...##.####
##...## #...#...........#
#...## #
#........4..P...###...# ###
#.........@.P...##...##
..### #.......P..P...###...#
....###........P.>..P##...##
..........).....P..P.##...#
##......#.##....PP....#...#
###...##.##...P....P.#..##
######.##....#####....#
#.##....## #.#### #.........
...


You could see an oklob sapling (ally target) and a friendly hellwing (summoned).

Vanquished Creatures
  The ghost of ouz the Sneak, an amateur VSBr of Uskayaw (D:4)
  Menkaure (D:5)
  A water moccasin (D:5)
  A sky beast (D:5)
  A black bear (D:5)
  An ogre (D:5)
  An ice beast (D:5)
  A scorpion (D:5)
  A gnoll bouda (D:4)
  Crazy Yiuf (D:2)
  2 jellies (D:5)
  Jessica (D:2)
  2 iguanas
  Terence (D:2)
  Natasha (twice) (D:3)
  A hound zombie (D:4)
  3 gnolls (D:4)
  5 adders
  2 shadow imps
  An ufetubus (D:4)
  A worm (D:4)
  6 orcs
  5 ball pythons
  4 bats (D:1)
  7 endoplasms
  2 giant cockroaches
  11 goblins
  4 hobgoblins
  9 jackals
  3 kobolds
  4 quokkas
  3 frilled lizards
  A quokka zombie (D:4)
  6 rats
96 creatures vanquished.

Vanquished Creatures (collateral kills)
  A water moccasin (D:5)
  An orc priest (D:3)
  A goblin (D:2)
  A frilled lizard (D:1)
  A rat (D:1)
5 creatures vanquished.

Grand Total: 101 creatures vanquished

Notes
Turn   | Place    | Note
-------+----------+-------------------------------------------
     0 | D:1      | BritishOli the Demonspawn Fighter began the quest for the
                  | Orb.
     0 | D:1      | Reached XP level 1. HP: 18/18 MP: 1/1
   107 | D:1      | Found a faded altar of an unknown god.
   219 | D:1      | Gained mutation: A weak demonic guardian rushes to your
                  | aid. [demonic ancestry]
   219 | D:1      | Reached XP level 2. HP: 24/24 MP: 2/2
   541 | D:1      | Reached XP level 3. HP: 24/29 MP: 3/3
  1220 | D:2      | Found a runed translucent door.
  1221 | D:2      | Noticed Crazy Yiuf
  1431 | D:2      | Noticed Jessica
  1434 | D:2      | Killed Jessica
  1435 | D:2      | Gained mutation: You have a small tail. [demonic ancestry]
  1435 | D:2      | Reached XP level 4. HP: 21/35 MP: 4/4
  1663 | D:2      | Noticed Terence
  1674 | D:2      | Killed Terence
  2006 | D:2      | Killed Crazy Yiuf
  2297 | D:3      | Noticed Natasha
  2329 | D:3      | Killed Natasha
  2330 | D:3      | Gained mutation: You have a tail ending in a sharp stinger.
                  | [demonic ancestry]
  2330 | D:3      | Reached XP level 5. HP: 39/42 MP: 5/5
  2458 | D:3      | Reached skill level 4 in Fighting
  2826 | D:3      | Noticed Natasha
  2835 | D:3      | Killed Natasha
  2948 | D:4      | Identified the +7 plate armour "Golien" {Dex+3}
  3248 | D:4      | Gained mutation: A demonic guardian rushes to your aid.
                  | [demonic ancestry]
  3248 | D:4      | Reached XP level 6. HP: 48/48 MP: 6/6
  3351 | D:4      | Found a staircase to the Ecumenical Temple.
  3607 | D:4      | Found a runed translucent gate.
  3607 | D:4      | Found a runed translucent gate.
  3607 | D:4      | Found a runed translucent gate.
  3607 | D:4      | Noticed ouz's ghost (amateur VSBr)
  3609 | D:4      | Found a basalt altar of Yredelemnul.
  4057 | D:5      | Entered Level 5 of the Dungeon
  4118 | D:5      | Noticed a water moccasin
  4131 | D:5      | Killed a water moccasin
  4132 | D:5      | Reached XP level 7. HP: 22/55 MP: 7/7
  4314 | D:5      | Reached skill level 5 in Fighting
  4603 | D:5      | Reached skill level 5 in Armour
  4603 | D:5      | Reached skill level 5 in Shields
  4603 | D:5      | Gained mutation: You are partially covered in slimy green
                  | scales. (AC +2) [demonic ancestry]
  4603 | D:5      | Reached XP level 8. HP: 47/63 MP: 8/8
  4907 | D:5      | Noticed Menkaure
  4919 | D:5      | Killed Menkaure
  5139 | D:4      | Killed ouz's ghost
  5140 | D:4      | Reached skill level 6 in Fighting
  5140 | D:4      | Reached skill level 5 in Axes
  5198 | D:4      | Killed from afar by an oklob sapling

Illustrated notes

Levels and vault maps discovered:
D:1:      dpeg_arrival_court, layout_loops_ring,
          shapermc_ecumenical_altar_notcrosses
D:2:      layout_basic, uniq_jessica, uniq_terence, uniq_crazy_yiuf_cottage
D:3:      layout_loops_ring, uniq_natasha
D:4:      layout_basic, nicolae_yredelemnul_ghost_church,
          minmay_temple_entry_oklob, serial_curves, eino_curves_01,
          eino_curves_01, minmay_misc_feat_ornament
D:5:      layout_basic, grunt_ministairs_4, minmay_misc_feat_rows, uniq_menkaure

Skill      XL: |  1  2  3  4  5  6  7  8 |
---------------+-------------------------+-----
Axes           | 2 3 4 5 |  5.0
Armour         | 3 4 5 |  5.4
Shields        | 3 4 5 |  5.4
Fighting       | 4 5 6 |  6.0

Action                     |  1- 3 |  4- 6 |  7- 9 || total
---------------------------+-------+-------+-------++-------
  Melee: War axe           |    81 |   166 |    89 ||   336
         Tailslap          |       |    15 |    17 ||    32
 Armour: Scale mail        |    43 |     8 |       ||    51
         Chain mail        |       |    54 |       ||    54
         Plate armour      |       |    57 |    84 ||   141
  Dodge: Dodged            |    54 |    65 |    11 ||   130
  Block: Buckler           |    27 |    58 |    27 ||   112

Table legend: (Time is in decaauts)
 A = Elapsed time spent in this place.
 B = Non-inter-level travel time spent in this place.
 C = Inter-level travel time spent in this place.
 D = Time resting spent in this place.
 E = Time spent auto-exploring this place.
 F = Levels seen in this place.
 G = Mean time per level.
                   A        B        C        D        E       F      G
               +--------+--------+--------+--------+--------+-----+--------+
         Total |   5328 |   5090 |    238 |    323 |   3900 |   5 | 1065.6 |
       Dungeon |   5328 |   5090 |    238 |    323 |   3900 |   5 | 1065.6 |
               +--------+--------+--------+--------+--------+-----+--------+

Top non-repeatable levels by time:
     D:2: 1408 daAuts
     D:4: 1302 daAuts
     D:5: 1045 daAuts
     D:3: 798 daAuts
     D:1: 773 daAuts
